cohdb
Replays
Latest Replays
All Replays
Popular Replays
Top Player Replays
Match Explorer
How It Works
Community
CoH3 Stats
Reddit
Sign in to upload your games and track your stats! →
Sign in with Steam
Match 37625644
Unlisted
Match 37625644
Overview
Messages
Build Orders
End
Selects Armored Battlegroup
Selects Assault Engineers
Assault Engineer Squad
Construct Weapon Support Center
M1919 Machine Gun Team
Assault Engineer Squad
Mechanized Support Center
M16 Multiple Gun Motor Carriage
M1919 Machine Gun Team
Selects Strength in Steel
Bazooka Squad
Selects M31 Recovery Vehicle
M31 Recovery Vehicle
Construct Tank Depot
Assault Engineer Squad
Selects M8 Scott SPG
M8 Scott SPG
M4A1 Sherman Medium Tank
Selects War Machine
Assault Engineer Squad
Bazooka Squad
Bazooka Squad
Improved M9 Bazooka Rockets
Bazooka Squad
Bazooka Squad
M18 Hellcat Tank Destroyer
Improvised Armor
M31 Recovery Vehicle
Microsoft Outlook
deadsadbadmad
Taiwanupupup
Vinterkorge
0
0
Comments
sign in to comment!
No comments posted yet!